 Dungeon Crawl Stone Soup version 0.28-a0-987-g8383568036 (webtiles) character file.

Game seed: 17432211295038702583

366 MordorOrchid the Chiller (level 6, -8/39 HPs)
             Began as an Octopode Ice Elementalist on Dec 4, 2021.
             Was an Initiate of Vehumet.
             Mangled by an ogre (18 damage)
             ... on level 5 of the Dungeon.
             The game lasted 00:17:02 (1860 turns).

MordorOrchid the Chiller (OpIE)                     Turns: 1860, Time: 00:17:03

Health: -8/39      AC:  7    Str:  7    XL:     6   Next: 68%
Magic:  4/12       EV: 13    Int: 20    God:    Vehumet [......]
Gold:   213        SH:  0    Dex: 12    Spells: 2/13 levels left

rFire   . . .      SeeInvis +   q - +2 short sword (venom)
rCold   . . .      Faith    .   (no shield)
rNeg    . . .      Spirit   .   (helmet restricted)
rPois   .          Reflect  .   l - amulet of regeneration
rElec   .          Harm     .   r - ring of willpower
rCorr   .          Rampage  .   s - ring of see invisible
Will    +....                   (no ring)
Stlth   +++.......              (no ring)
HPRegen 0.93/turn               (no ring)
MPRegen 0.13/turn               (no ring)
                                (no ring)
                                (no ring)

@: ice-armoured, freezing walls
A: almost no armour, amphibious, 8 rings, camouflage 1, gelatinous body 1,
(nimble swimmer 1), tentacles
a: Renounce Religion


You were on level 5 of the Dungeon.
You worshipped Vehumet.
Vehumet was noncommittal.
You visited 2 branches of the dungeon, and saw 6 of its levels.

You collected 213 gold pieces.

Inventory:

Hand Weapons
 a - a +0 club
 b - a +0 spear
 d - a +0 dagger
 q - a +2 short sword of venom (weapon)
Missiles
 c - 83 arrows
 i - 23 stones (quivered)
 j - 40 sling bullets
Jewellery
 g - a ring of fire
 l - an amulet of regeneration (around mantle)
 r - a ring of willpower (left tentacle)
 s - a ring of see invisible (right tentacle)
Wands
 o - a wand of flame (16)
Scrolls
 e - a scroll of amnesia {unknown}
 f - a scroll of brand weapon {unknown}
 h - a scroll of immolation {unknown}
 k - 3 scrolls of teleportation {unknown}
 m - 2 scrolls of blinking {unknown}
 t - a scroll of enchant weapon {unknown}
Potions
 n - a potion of might {unknown}
 p - 2 potions of curing {unknown}


   Skills:
 * Level 1.9 Fighting
 * Level 3.0 Dodging
 - Level 3.0 Stealth
 * Level 2.1 Unarmed Combat
 * Level 4.0 Spellcasting
 * Level 0.1 Conjurations
 * Level 5.1 Ice Magic


You had 2 spell levels left.
You knew the following spells:

 Your Spells              Type           Power      Damage    Failure   Level
a - Freeze                Ice            96%        1d11      1%          1
b - Frozen Ramparts       Ice            48%        1d6       4%          3
c - Hailstorm             Conj/Ice       14%        3d5       38%         4
y - Ozocubu's Armour      Ice            24%        N/A       4%          3

Your spell library contained the following spells:

 Spells                   Type           Power      Damage    Failure   Level
 Dazzling Flash           Conj/Hex       8%         N/A       36%         3
 Agony                    Necr           4%         N/A       98%         5
 Silence                  Hex/Air        2%         N/A       98%         5


Dungeon Overview and Level Annotations

Branches:
Dungeon (5/15)             Temple (1/1) D:4

Altars:
Ashenzari
Cheibriados
Elyvilon
Fedhas
Gozag
Hepliaklqana
Kikubaaqudgha
Makhleb
Nemelex Xobeh
Okawaru
Qazlal
Ru
Sif Muna
Trog
Uskayaw
Vehumet
Wu Jian
Xom
Yredelemnul
Zin
The Shining One

Shops:
D:3 ::(


Innate Abilities, Weirdness & Mutations

You cannot wear most types of armour.
You are amphibious.
You can wear up to eight rings at the same time.
Your skin changes colour to match your surroundings (Stealth+).
Your rubbery body absorbs attacks. (AC +1, EV +1)
((You are camouflaged near water. (Stealth+)))
You have tentacles for arms and can constrict up to eight enemies at once.


Message History

The ufetubus is moderately wounded.
The ufetubus resists.
The wall freezes the ufetubus.
The ufetubus hits you. The ufetubus barely misses you.
The wall freezes the ufetubus but does no damage.
The ufetubus barely misses you. The ufetubus hits you.
You hit the ufetubus.
You kill the ufetubus!
Vehumet accepts your kill.
The frozen ramparts melt away.
No target in view!
Your magical contamination has completely faded away.
Things that are here:
a +0 mace; an orc corpse; an iguana corpse
i - 23 stones (gained 1)
t - a scroll labelled QAEDU XAIGIARA An ogre comes into view.
It is wielding a +0 giant club.
Found a stone staircase leading down.
The ogre shouts!
The ogre barely misses you.
Casting: Frozen Ramparts (dangerous; 4% risk of failure)
Confirm with . or Enter, or press ? or * to list all spells.
Casting: Frozen Ramparts (dangerous; 4% risk of failure)
Press: ? - help, Dir - look around, f - activate The walls around you are covered in ice.
The wall freezes the ogre!
The ogre hits you with a +0 giant club!!
Ouch! That really hurt!
* * * LOW HITPOINT WARNING * * *
Casting: Frozen Ramparts (dangerous; 4% risk of failure)
Confirm with . or Enter, or press ? or * to list all spells.
A film of ice covers your body!
The wall freezes the ogre!
The ogre hits you but does no damage.
You barely miss the ogre.
The ogre is heavily wounded.
Unknown command.
You hit the ogre. You squeeze the ogre.
The ogre is severely wounded.
The wall freezes the ogre.
The ogre hits you with a +0 giant club!!
You die...

###..####..# .. # ......
.... ..## # #....## #...
..# # #.#### #..# ..# #
#.#######..######.#######
#
........#................
........#.#..............
........#.....##O#..#####
........#.#.#.##@#..#
..........#.#.##.##.#
....................#
........................
#+###................###
.# #...............># #.#
#.................. #.#
#.............##.### #.#
#.##..........# ...


You could see an ogre.

Vanquished Creatures
  A water moccasin (D:4)
  An orc priest (D:4)
  A jelly (D:3)
  Ijyb (D:3)
  An iguana (D:5)
  An orc wizard (D:4)
  5 adders
  An ufetubus (D:5)
  An adder skeleton (D:5)
  6 orcs
  6 ball pythons
  4 bats
  6 endoplasms
  3 giant cockroaches
  4 goblins
  3 hobgoblins
  11 jackals
  4 quokkas
  2 frilled lizards (D:1)
  3 kobolds
  5 rats
70 creatures vanquished.

Vanquished Creatures (others)
  3 plants (D:1)
3 creatures vanquished.

Grand Total: 73 creatures vanquished

Notes
Turn   | Place    | Note
-------+----------+-------------------------------------------
     0 | D:1      | MordorOrchid the Octopode Ice Elementalist began the quest
                  | for the Orb.
     0 | D:1      | Reached XP level 1. HP: 11/11 MP: 3/3
    92 | D:1      | Reached XP level 2. HP: 7/17 MP: 5/5
   135 | D:1      | Found a faded altar of an unknown god.
   505 | D:2      | Reached XP level 3. HP: 22/22 MP: 6/6
   509 | D:2      | Learned a level 3 spell: Frozen Ramparts
   624 | D:2      | Reached skill level 1 in Unarmed Combat
   824 | D:3      | Reached skill level 1 in Fighting
   877 | D:3      | Reached XP level 4. HP: 25/28 MP: 0/7
   880 | D:3      | Noticed Ijyb
   895 | D:3      | Killed Ijyb
   998 | D:3      | Found Joaganud's Book Emporium.
  1004 | D:3      | Reached XP level 5. HP: 33/33 MP: 5/9
  1011 | D:3      | Found Purgheol's Book Shoppe.
  1069 | D:3      | Found Vueturak's Weapon Boutique.
  1214 | D:4      | Learned a level 3 spell: Ozocubu's Armour
  1310 | D:4      | Noticed a water moccasin
  1323 | D:4      | Killed a water moccasin
  1324 | D:4      | Reached skill level 5 in Ice Magic
  1324 | D:4      | Reached XP level 6. HP: 29/39 MP: 0/11
  1472 | D:4      | Found a staircase to the Ecumenical Temple.
  1485 | Temple   | Entered the Ecumenical Temple
  1546 | Temple   | Became a worshipper of Vehumet
  1552 | Temple   | Learned a level 4 spell: Hailstorm
  1676 | D:5      | Entered Level 5 of the Dungeon
  1860 | D:5      | Mangled by an ogre

Illustrated notes

Levels and vault maps discovered:
D:1:      eino_arrival_druids_welcome, layout_rooms,
          ebering_ecumenical_altar_hall, minmay_tetromino_t4
D:2:      layout_basic, hex_large
D:3:      layout_rooms, serial_shops, nicolae_shop_bloodbath_and_beyond,
          nicolae_shop_temple_entry_statues_fountains, shop, uniq_ijyb
D:4:      layout_basic, minmay_temple_entry_waves, grunt_ministairs_10,
          solitary_fountain, columned_hall_lemuel
D:5:      layout_basic
Temple:   nicolae_temple_the_god_donut

Skill      XL: |  1  2  3  4  5  6 |
---------------+-------------------+-----
Stealth        | 3 |  3.0
Unarmed Combat | 1 2 |  2.1
Fighting       | 1 |  1.9
Spellcasting   | 3 4 |  4.0
Dodging        | 3 |  3.0
Ice Magic      | 5 |  5.1
Conjurations   | |  0.1

Action                   |  1- 3 |  4- 6 || total
-------------------------+-------+-------++-------
Melee: Club              |    11 |       ||    11
       Constrict         |    10 |    11 ||    21
       Tentacles         |     6 |     4 ||    10
       Unarmed           |     1 |       ||     1
       Spear             |    46 |    45 ||    91
       Short sword       |       |    12 ||    12
Throw: Stone             |     3 |     8 ||    11
 Cast: Freeze            |    14 |     8 ||    22
       Frozen Ramparts   |     4 |    12 ||    16
       Ozocubu's Armour  |       |     1 ||     1
  Use: Potion            |       |     3 ||     3
 Stab: Sleeping          |    11 |     2 ||    13
Armor: Skin              |     6 |     4 ||    10
Dodge: Dodged            |    24 |    37 ||    61

Table legend: (Time is in decaauts)
 A = Elapsed time spent in this place.
 B = Non-inter-level travel time spent in this place.
 C = Inter-level travel time spent in this place.
 D = Time resting spent in this place.
 E = Time spent auto-exploring this place.
 F = Levels seen in this place.
 G = Mean time per level.
                   A        B        C        D        E       F      G
               +--------+--------+--------+--------+--------+-----+--------+
         Total |   1873 |   1682 |    191 |      7 |      0 |   6 |  312.2 |
       Dungeon |   1782 |   1615 |    167 |      7 |      0 |   5 |  356.4 |
        Temple |     90 |     66 |     24 |      0 |      0 |   1 |   90.0 |
               +--------+--------+--------+--------+--------+-----+--------+

Top non-repeatable levels by time:
     D:2: 520 daAuts
     D:1: 383 daAuts
     D:4: 362 daAuts
     D:3: 332 daAuts
     D:5: 183 daAuts
  Temple: 90 daAuts
